 Dungeon Crawl Stone Soup version 0.32-a0-666-ge8a88695a4 (webtiles) character file.

Game seed: 10402064315382485631

100 cforsyth the Grave Robber (level 4, 0/36 HPs)
             Began as a Mountain Dwarf Necromancer on Mar 9, 2024.
             Slain by a gnoll
             ... wielding a +0 whip
              (2 damage)
             ... on level 3 of the Dungeon.
             The game lasted 00:02:45 (2441 turns).

cforsyth the Grave Robber (MDNe)                    Turns: 2441, Time: 00:02:46

Health: 0/36       AC: 10    Str: 12    XL:     4   Next: 46%
Magic:  2/6        EV:  6    Int: 16    God:
Gold:   162        SH:  0    Dex: 10    Spells: 5/6 levels left

rFire   + . .        h - +0 hand axe
rCold   + . .        (no shield)
rNeg    . . .        k - +0 chain mail
rPois   +            (no helmet)
rElec   +            (no cloak)
rCorr   +            (no gloves)
SInv    .            g - +1 pair of boots
Will    .....        (no amulet) Stlth
                     (no ring)
HPRegen 0.26/turn    (no ring)
MPRegen 0.10/turn

%: no passive effects
@: resistant, attractive, hasted, very quick
A: runic magic, artefact enchanting
a: no special abilities


You were on level 3 of the Dungeon.
You visited 1 branch of the dungeon, and saw 3 of its levels.

You collected 162 gold pieces.


Innate Abilities, Weirdness & Mutations

Your spellcasting is much less encumbered by armour.
You can use scrolls of enchantment on lesser artefacts.


   Skills:
 + Level 2.2 Fighting
 + Level 2.0 Axes
 + Level 1.8 Armour
 - Level 1.3 Dodging
 - Level 1.4 Stealth
 - Level 1.7 Spellcasting
 + Level 5.1 Necromancy


You had 5 spell levels left.
You knew the following spells:

 Your Spells              Type           Power      Damage    Failure   Level
X - Necrotise             Necr           68%        1d7       5%          1

Your spell library contained the following spells:

 Spells                   Type           Power      Damage    Failure   Level
 Vampiric Draining        Necr           17%        2d7       17%         3
 Slow                     Hex            4%         N/A       43%         1
 Animate Dead             Necr           17%        N/A       50%         4
 Confusing Touch          Hex            1%         N/A       80%         3
 Sigil of Binding         Hex            1%         N/A       80%         3
 Curse of Agony           Necr           17%        N/A       83%         5

Inventory:

Hand Weapons
 f - a +0 dagger
 h - a +0 hand axe (weapon)
Armour
 g - a +1 pair of boots (worn)
 k - a +0 chain mail (worn)
Magical Staves
 c - a staff of cold {!a}
Scrolls
 a - a scroll of fear {unknown}
 e - 4 scrolls of teleportation {unknown}
 i - a scroll of poison {unknown}
 l - a scroll of immolation {unknown}
 m - a scroll of silence {unknown}
 p - a scroll of butterflies {unknown}
Potions
 b - a potion of magic

Dungeon Overview and Level Annotations

Branches:
Dungeon (3/15)

Altars:

#.§g........$####
##S###########
#S#...# #S#.#Z#
####### ##§#.#.#
#.....# #Kg..#.#
#.###.# #.S#.#)#
#.<##.# #g.#.#.#
#..##.#######@.#.#.#
#..##..........###.#
#..###########.....#
...# #.##### ###.#
### ..# ###


You could see 2 gnolls, an adder and a kobold.


Message History

* * * LOW HITPOINT WARNING * * *
There is an open door here.
It was a potion of attraction.
You feel attractive to monsters. The gnoll hits you with a +0 whip.
* * * LOW HITPOINT WARNING * * *
The adder is attracted toward you.
Unknown command.
It was a potion of resistance.
You feel protected. The gnoll hits you but does no damage.
Unknown command.
Unknown command.
It was a potion of haste.
You feel yourself speed up. The gnoll closely misses you.
Unknown command.
The gnoll is attracted toward you. The kobold is attracted toward you.
Something is attracted toward you.
Unknown command.
Unknown command.
The kobold is attracted toward you. The adder is attracted toward you.
Something is attracted toward you. The gnoll is attracted toward you.
The kobold is attracted toward you. The adder is attracted toward you.
The gnoll attacks as it pursues you! The gnoll hits you with a +0 whip.
* * * LOW HITPOINT WARNING * * *
The adder is attracted toward you. The gnoll is attracted toward you.
Okay, then.
The gnoll attacks as it pursues you! The gnoll hits you with a +0 whip.
You die...

Skill      XL: |  1  2  3  4 |
---------------+-------------+-----
Fighting       | 1 2 |  2.2
Axes           | 1 2 |  2.0
Armour         | 1 |  1.8
Necromancy     | 5 |  5.1
Dodging        | |  1.3
Stealth        | |  1.4
Spellcasting   | |  1.7

Action                     |  1- 3 |  4- 6 || total
---------------------------+-------+-------++-------
  Melee: Hand axe          |    30 |     2 ||    32
   Cast: Necrotise         |    60 |    11 ||    71
    Use: Potion            |       |     4 ||     4
 Armour: Robe              |     2 |       ||     2
         Chain mail        |    64 |    20 ||    84
  Dodge: Dodged            |    19 |     4 ||    23

Levels and vault maps discovered:
D:1:      dpeg_arrival_concentric_ovals, layout_loops_corners,
          shapermc_ecumenical_altar_notcrosses
D:2:      layout_loops_cross
D:3:      layout_basic, lemuel_tele_altar, grunt_ministairs_13, minmay_cut_off,
          uniq_grinder, uniq_natasha, uniq_crazy_yiuf_cottage, uniq_jessica

Notes
Turn   | Place    | Note
-------+----------+-------------------------------------------
     0 | D:1      | cforsyth the Mountain Dwarf Necromancer began the quest for
                  | the Orb.
     0 | D:1      | Reached XP level 1. HP: 14/14 MP: 3/3
   596 | D:1      | Reached skill level 1 in Fighting
   645 | D:1      | Found a faded altar of an unknown god.
   707 | D:1      | Reached XP level 2. HP: 23/23 MP: 2/4
  1414 | D:2      | Reached skill level 1 in Axes
  1542 | D:2      | Reached XP level 3. HP: 28/28 MP: 3/5
  1719 | D:2      | Reached skill level 1 in Armour
  2216 | D:3      | Noticed Natasha
  2225 | D:3      | Killed Natasha
  2226 | D:3      | Reached skill level 2 in Fighting
  2226 | D:3      | Reached skill level 5 in Necromancy
  2226 | D:3      | Reached XP level 4. HP: 16/36 MP: 1/6
  2415 | D:3      | Reached skill level 2 in Axes
  2434 | D:3      | Identified a potion of resistance
  2440 | D:3      | HP: 2/36 [gnoll/+0 whip (4)]
  2441 | D:3      | Slain by a gnoll

Vanquished Creatures
  Natasha (D:3)
  2 gnolls (D:3)
  An adder (D:2)
  8 ball pythons
  4 endoplasms
  2 giant cockroaches
  3 goblins
  4 hobgoblins
  5 kobolds
  3 quokkas
  4 bats
  2 frilled lizards (D:2)
  3 rats
42 creatures vanquished.

Vanquished Creatures (collateral kills)
  A bat (D:3)
  A quokka (D:2)
  A kobold (D:2)
3 creatures vanquished.

Grand Total: 45 creatures vanquished

Table legend: (Time is in decaauts)
 A = Elapsed time spent in this place.
 B = Non-inter-level travel time spent in this place.
 C = Inter-level travel time spent in this place.
 D = Time resting spent in this place.
 E = Time spent auto-exploring this place.
 F = Levels seen in this place.
 G = Mean time per level.
                   A        B        C        D        E       F      G
               +--------+--------+--------+--------+--------+-----+--------+
         Total |   2453 |   2370 |     83 |      0 |   2070 |   3 |  817.7 |
       Dungeon |   2453 |   2370 |     83 |      0 |   2070 |   3 |  817.7 |
               +--------+--------+--------+--------+--------+-----+--------+

Top non-repeatable levels by time:
     D:2: 1127 daAuts
     D:1: 1077 daAuts
     D:3: 248 daAuts

Table legend:
 A = Non-vault XP
 B = Vault XP
 C = Vault XP percentage of total XP
 D = Non-vault monster count
 E = Vault monster count
 F = Vault count percentage of total count
                 A         B        C        D         E       F
            +---------+---------+-------+---------+---------+-------
      Total |     102 |      41 |  28.7 |      41 |       4 |   8.9
            +---------+---------+-------+---------+---------+-------
        D:1 |      12 |       0 |   0.0 |       8 |       0 |   0.0
        D:2 |      58 |       0 |   0.0 |      29 |       0 |   0.0
        D:3 |      32 |      41 |  56.2 |       4 |       4 |  50.0
            +---------+---------+-------+---------+---------+-------
